TOP OF THE 1ST |
California State University at Fullerton Titans batting - Pitching for University of Nebraska Cornhuskers : RHP John Olson
|
Pitching: RHP John Olson
|
|
Batting: LHB Newt Peper
|
0-0: Called Strike 0-1: Ball 1-1: Fly out, F7 (Flyball, 78M, EV 91.2 MPH)
|
Batting: LHB George Last
|
0-0: Ball 1-0: Ball 2-0: Ball 3-0: Called Strike 3-1: Foul Ball, location: 2F 3-2: SINGLE (Groundball, 34D, EV 101.2 MPH)
|
Batting: LHB Xue-liang Zhou
|
0-0: Grounds into double play, 4-6-3 (Groundball, 4, EV 84.4 MPH)
|
Top of the 1st over - 0 runs, 1 hit, 0 errors, 0 left on base; California State University at Fullerton 0 - University of Nebraska 0 |
BOTTOM OF THE 1ST |
University of Nebraska Cornhuskers batting - Pitching for California State University at Fullerton Titans : RHP Tony Llamas
|
Pitching: RHP Tony Llamas
|
|
Batting: RHB Juan Ordonez
|
0-0: Bunt missed! 0-1: Foul Ball, location: 2F 0-2: Ball 1-2: Strikes out looking
|
Batting: RHB Quan Tai
|
0-0: Ball 1-0: Foul Ball, location: 2F 1-1: Swinging Strike 1-2: Ball 2-2: Foul Ball, location: 2F 2-2: Foul Ball, location: 2F 2-2: Ball 3-2: Strikes out swinging
|
Batting: RHB Jose Zuniga
|
0-0: Foul Ball, location: 2F 0-1: Foul Ball, location: 2F 0-2: Hit by Pitch
|
Batting: SHB Karl Starnes
|
0-0: Ball 1-0: Ground out 4-3 (Groundball, 4S, EV 66.2 MPH)
|
Bottom of the 1st over - 0 runs, 0 hits, 0 errors, 1 left on base; California State University at Fullerton 0 - University of Nebraska 0 |
TOP OF THE 2ND |
California State University at Fullerton Titans batting - Pitching for University of Nebraska Cornhuskers : RHP John Olson
|
Batting: RHB Nate Dabney
|
0-0: Called Strike 0-1: Ball 1-1: Foul Ball, location: 2F 1-2: Ball 2-2: Ground out 1-3 (Groundball, 13S, EV 68.8 MPH)
|
Batting: RHB Don Burt
|
0-0: Ball 1-0: Ball 2-0: Ball 3-0: Base on Balls
|
Batting: RHB Manny Olave
|
0-0: SINGLE (Groundball, 56D, EV 102.5 MPH) Don Burt to second
|
Batting: LHB Walt van der Rest
|
0-0: Called Strike Don Burt steals 3rd base 0-1: Swinging Strike 0-2: Grounds into double play, 6-4-3 (Groundball, 6, EV 108.8 MPH)
|
Top of the 2nd over - 0 runs, 1 hit, 0 errors, 1 left on base; California State University at Fullerton 0 - University of Nebraska 0 |
BOTTOM OF THE 2ND |
University of Nebraska Cornhuskers batting - Pitching for California State University at Fullerton Titans : RHP Tony Llamas
|
Batting: RHB Francisco Marin
|
0-0: Called Strike 0-1: Foul Ball, location: 2F 0-2: Ground out 6-3 (Groundball, 6, EV 81.2 MPH)
|
Batting: RHB Kekoa Kahele
|
0-0: Ball 1-0: Ground out 6-3 (Groundball, 6S, EV 92.5 MPH)
|
Batting: RHB Simon Van Steenwyk
|
0-0: Ball 1-0: Ball 2-0: Called Strike 2-1: Ball 3-1: Called Strike 3-2: Ground out 5-3 (Groundball, 56S, EV 88.1 MPH)
|
Bottom of the 2nd over - 0 runs, 0 hits, 0 errors, 0 left on base; California State University at Fullerton 0 - University of Nebraska 0 |
TOP OF THE 3RD |
California State University at Fullerton Titans batting - Pitching for University of Nebraska Cornhuskers : RHP John Olson
|
Batting: RHB Ricky Alvarado
|
0-0: Called Strike 0-1: Called Strike 0-2: Ball 1-2: Ball 2-2: Fly out, F9 (Flyball, 9LM, EV 87.5 MPH)
|
Batting: RHB Oscar Ferrer
|
0-0: Fly out, F8 (Line Drive, 8RM, EV 110.0 MPH)
|
Batting: LHB Newt Peper
|
0-0: Called Strike 0-1: Foul Ball, location: 2F 0-2: Ball 1-2: SINGLE (Groundball, 6MD, EV 105.0 MPH)
|
Batting: LHB George Last
|
0-0: Ball 1-0: Called Strike 1-1: Ball 2-1: Foul Ball, location: 2F 2-2: Foul Ball, location: 2F 2-2: Strikes out swinging
|
Top of the 3rd over - 0 runs, 1 hit, 0 errors, 1 left on base; California State University at Fullerton 0 - University of Nebraska 0 |
BOTTOM OF THE 3RD |
University of Nebraska Cornhuskers batting - Pitching for California State University at Fullerton Titans : RHP Tony Llamas
|
Batting: RHB Doug Thornsberry
|
0-0: Ground out 5-3 (Groundball, P, EV 83.8 MPH)
|
Batting: RHB Hanley Hernandez
|
0-0: Foul Ball, location: 2F 0-1: Ball 1-1: Ball 2-1: Ball 3-1: Ground out 5-3 (Groundball, 56, EV 91.9 MPH)
|
Batting: RHB Juan Ordonez
|
0-0: Foul Ball, location: 2F 0-1: Ball 1-1: Ball 2-1: Foul Ball, location: 2F 2-2: SOLO HOME RUN (Flyball, 7D, EV 96.2 MPH), Distance : 374 ft
|
Batting: RHB Quan Tai
|
0-0: Called Strike 0-1: Ground out 5-3 (Groundball, 5D, EV 78.8 MPH)
|
Bottom of the 3rd over - 1 run, 1 hit, 0 errors, 0 left on base; California State University at Fullerton 0 - University of Nebraska 1 |
TOP OF THE 4TH |
California State University at Fullerton Titans batting - Pitching for University of Nebraska Cornhuskers : RHP John Olson
|
Batting: LHB Xue-liang Zhou
|
0-0: Ball 1-0: Ball 2-0: Ball 3-0: Called Strike 3-1: Fly out, F9 (Flyball, 89XD, EV 79.4 MPH)
|
Pitching: RHP Cheng-qian Shuai
|
|
Batting: RHB Nate Dabney
|
0-0: Ground out 1-3 (Groundball, 13, EV 73.8 MPH)
|
Batting: RHB Don Burt
|
0-0: Ball 1-0: Ball 2-0: Ball 3-0: Called Strike 3-1: Foul Ball, location: 2F 3-2: Base on Balls
|
Batting: RHB Manny Olave
|
0-0: Called Strike 0-1: Called Strike 0-2: Ball 1-2: Ball 2-2: Foul Ball, location: 2F 2-2: SINGLE (Line Drive, 89S, EV 94.4 MPH) Don Burt to second Runner from 2nd tries for 3rd, OUT! 9-5
|
Top of the 4th over - 0 runs, 1 hit, 0 errors, 1 left on base; California State University at Fullerton 0 - University of Nebraska 1 |
BOTTOM OF THE 4TH |
University of Nebraska Cornhuskers batting - Pitching for California State University at Fullerton Titans : RHP Tony Llamas
|
Batting: RHB Jose Zuniga
|
0-0: Ball 1-0: Ground out U3 (Groundball, 3, EV 106.2 MPH)
|
Batting: SHB Karl Starnes
|
0-0: Fly out, F5 (Popup, 25F, EV 80.0 MPH)
|
Batting: RHB Francisco Marin
|
0-0: Called Strike 0-1: Swinging Strike 0-2: Ball 1-2: Strikes out swinging
|
Bottom of the 4th over - 0 runs, 0 hits, 0 errors, 0 left on base; California State University at Fullerton 0 - University of Nebraska 1 |
TOP OF THE 5TH |
California State University at Fullerton Titans batting - Pitching for University of Nebraska Cornhuskers : RHP Cheng-qian Shuai
|
Batting: LHB Walt van der Rest
|
0-0: Ball 1-0: Fly out, F4 (Line Drive, 4, EV 64.4 MPH)
|
Batting: RHB Ricky Alvarado
|
0-0: DOUBLE (Line Drive, 9LM, EV 108.1 MPH)
|
Pinch Runner at 2nd Zachery Ballard:
|
|
Batting: RHB Oscar Ferrer
|
0-0: Swinging Strike 0-1: Foul Ball, location: 2F 0-2: Foul Ball, location: 2F 0-2: Ball 1-2: Ball 2-2: Strikes out swinging
|
Batting: LHB Newt Peper
|
0-0: Called Strike 0-1: Ball 1-1: Fly out, F8 (Flyball, 8LD, EV 101.9 MPH)
|
Top of the 5th over - 0 runs, 1 hit, 0 errors, 1 left on base; California State University at Fullerton 0 - University of Nebraska 1 |
BOTTOM OF THE 5TH |
University of Nebraska Cornhuskers batting - Pitching for California State University at Fullerton Titans : RHP Tony Llamas
|
Now at SS: Zachery Ballard
|
|
Batting: RHB Kekoa Kahele
|
0-0: Ground out U3 (Groundball, 34, EV 83.8 MPH)
|
Batting: RHB Simon Van Steenwyk
|
0-0: Called Strike 0-1: Called Strike 0-2: Ball 1-2: Ground out 5-3 (Groundball, 56S, EV 65.6 MPH)
|
Batting: RHB Doug Thornsberry
|
0-0: Ground out 5-3 (Groundball, 56S, EV 65.0 MPH)
|
Bottom of the 5th over - 0 runs, 0 hits, 0 errors, 0 left on base; California State University at Fullerton 0 - University of Nebraska 1 |
TOP OF THE 6TH |
California State University at Fullerton Titans batting - Pitching for University of Nebraska Cornhuskers : RHP Cheng-qian Shuai
|
Batting: LHB George Last
|
0-0: Called Strike 0-1: Ball 1-1: Ball 2-1: Ground out U3 (Groundball, 34S, EV 76.9 MPH)
|
Batting: LHB Xue-liang Zhou
|
0-0: Fly out, F8 (Flyball, 8RXD, EV 95.0 MPH)
|
Batting: RHB Nate Dabney
|
0-0: SOLO HOME RUN (Flyball, 7LD, EV 93.1 MPH), Distance : 341 ft
|
Batting: RHB Don Burt
|
0-0: Foul Ball, location: 2F 0-1: Ball 1-1: Called Strike 1-2: Reached on error, E4 (Groundball, 4S, EV 89.4 MPH)
|
Batting: RHB Manny Olave
|
0-0: Ball 1-0: Ball 2-0: Called Strike 2-1: Foul Ball, location: 2F 2-2: SINGLE (Groundball, 56D, EV 106.9 MPH) Don Burt to second Runner from 2nd tries for 3rd, SAFE, throw by LF made to third
|
Batting: LHB Walt van der Rest
|
0-0: Fielders Choice at 2nd, U4 (Groundball, 4M, EV 83.8 MPH)
|
Top of the 6th over - 1 run, 2 hits, 1 error, 2 left on base; California State University at Fullerton 1 - University of Nebraska 1 |
BOTTOM OF THE 6TH |
University of Nebraska Cornhuskers batting - Pitching for California State University at Fullerton Titans : RHP Tony Llamas
|
Batting: RHB Hanley Hernandez
|
0-0: Swinging Strike 0-1: Ground out 6-3 (Groundball, 6, EV 102.5 MPH)
|
Batting: RHB Juan Ordonez
|
0-0: SINGLE (Groundball, 4MD, EV 96.2 MPH)
|
Batting: RHB Quan Tai
|
0-0: Ball 1-0: Called Strike Juan Ordonez steals 2nd base 1-1: Called Strike 1-2: Foul Ball, location: 2F 1-2: Ball 2-2: SINGLE (Groundball, 4M, EV 106.2 MPH) (infield hit) Juan Ordonez to third
|
Batting: RHB Jose Zuniga
|
0-0: Called Strike 0-1: Ball 1-1: Foul Ball, location: 2F 1-2: Ball 2-2: Ball 3-2: Strikes out swinging Quan Tai steals 2nd base Batter strikes out.
|
Batting: SHB Karl Starnes
|
0-0: Swinging Strike 0-1: Called Strike 0-2: Foul Ball, location: 2F 0-2: Strikes out swinging
|
Bottom of the 6th over - 0 runs, 2 hits, 0 errors, 2 left on base; California State University at Fullerton 1 - University of Nebraska 1 |
TOP OF THE 7TH |
California State University at Fullerton Titans batting - Pitching for University of Nebraska Cornhuskers : RHP Cheng-qian Shuai
|
Pitching: RHP Tony Cortez
|
|
Batting: LHB Zachery Ballard
|
0-0: Foul Ball, location: 2F 0-1: Swinging Strike 0-2: Strikes out looking
|
Batting: RHB Oscar Ferrer
|
0-0: Foul Ball, location: 2F 0-1: Hit by Pitch
|
Batting: LHB Newt Peper
|
0-0: Called Strike 0-1: Called Strike 0-2: Ball 1-2: Strikes out swinging
|
Pinch Hitting: RHB Mike Hill
|
0-0: SINGLE (Groundball, 34D, EV 100.0 MPH) Oscar Ferrer to second Runner from 2nd tries for 3rd, SAFE, throw by RF made to third
|
Batting: LHB Xue-liang Zhou
|
0-0: Ground out 4-3 (Groundball, 4, EV 100.6 MPH)
|
Top of the 7th over - 0 runs, 1 hit, 0 errors, 2 left on base; California State University at Fullerton 1 - University of Nebraska 1 |
BOTTOM OF THE 7TH |
University of Nebraska Cornhuskers batting - Pitching for California State University at Fullerton Titans : RHP Tony Llamas
|
Now in RF: Raul Gomez
|
|
Batting: RHB Francisco Marin
|
0-0: Swinging Strike 0-1: Swinging Strike 0-2: Ball 1-2: Fly out, F9 (Flyball, 9LS, EV 81.2 MPH)
|
Pitching: RHP Matt Lane
|
|
Batting: RHB Kekoa Kahele
|
0-0: Ball 1-0: Called Strike 1-1: Ball 2-1: Ball 3-1: Base on Balls
|
Batting: RHB Simon Van Steenwyk
|
0-0: Ball 1-0: Ball 2-0: Fly out, F9 (Flyball, 9LS, EV 75.0 MPH)
|
Batting: RHB Doug Thornsberry
|
0-0: Called Strike Kekoa Kahele steals 2nd base 0-1: Foul Ball, location: 2F 0-2: Ball 1-2: Foul Ball, location: 2F 1-2: Strikes out swinging
|
Bottom of the 7th over - 0 runs, 0 hits, 0 errors, 1 left on base; California State University at Fullerton 1 - University of Nebraska 1 |
TOP OF THE 8TH |
California State University at Fullerton Titans batting - Pitching for University of Nebraska Cornhuskers : RHP Tony Cortez
|
Batting: RHB Nate Dabney
|
0-0: Swinging Strike 0-1: Foul Ball, location: 2F 0-2: Strikes out swinging, 2-3 out at first.
|
Batting: RHB Don Burt
|
0-0: Ball 1-0: SINGLE (Line Drive, 34D, EV 98.8 MPH)
|
Batting: RHB Manny Olave
|
0-0: Ball 1-0: Foul Ball, location: 2F 1-1: Foul Ball, location: 2F 1-2: SINGLE (Groundball, 34, EV 95.0 MPH) Don Burt to second Runner from 2nd tries for 3rd, SAFE, throw by RF made to third
|
Pinch Hitting: RHB Amir Christy
|
0-0: Called Strike Manny Olave is caught stealing 2nd base 2-4 0-1: Ball 1-1: Called Strike 1-2: Ground out 6-3 (Groundball, 6, EV 78.1 MPH)
|
Top of the 8th over - 0 runs, 2 hits, 0 errors, 1 left on base; California State University at Fullerton 1 - University of Nebraska 1 |
BOTTOM OF THE 8TH |
University of Nebraska Cornhuskers batting - Pitching for California State University at Fullerton Titans : RHP Matt Lane
|
Now in CF: Azeem bin Zuhair
|
|
Batting: RHB Hanley Hernandez
|
0-0: Called Strike 0-1: Called Strike 0-2: Ground out 5-3 (Groundball, 56, EV 90.6 MPH)
|
Batting: RHB Juan Ordonez
|
0-0: Called Strike 0-1: Called Strike 0-2: Strikes out looking
|
Batting: RHB Quan Tai
|
0-0: Ball 1-0: Fly out, F9 (Flyball, 9LD, EV 85.6 MPH)
|
Bottom of the 8th over - 0 runs, 0 hits, 0 errors, 0 left on base; California State University at Fullerton 1 - University of Nebraska 1 |
TOP OF THE 9TH |
California State University at Fullerton Titans batting - Pitching for University of Nebraska Cornhuskers : RHP Tony Cortez
|
Pitching: RHP Jim Unknown
|
|
Batting: LHB Zachery Ballard
|
0-0: Foul Ball, location: 2F 0-1: Swinging Strike 0-2: Ball 1-2: Ball 2-2: Ball 3-2: Foul Ball, location: 2F 3-2: Base on Balls
|
Pinch Hitting: LHB Alex Larangho
|
0-0: Called Strike 0-1: Ball 1-1: Ball 2-1: Fielders Choice at 2nd, 1-6 (Groundball, 13, EV 68.8 MPH)
|
Batting: LHB Newt Peper
|
Pickoff Throw to First - Out! 1-3 0-0: Ball 1-0: Ball 2-0: Ball 3-0: Called Strike 3-1: Foul Ball, location: 2F 3-2: Base on Balls
|
Pinch Hitting: RHB Luke Peet
|
0-0: Ball 1-0: Foul Ball, location: 2F 1-1: Ball 2-1: Swinging Strike 2-2: Fly out, F7 (Flyball, 78M, EV 84.4 MPH)
|
Top of the 9th over - 0 runs, 0 hits, 0 errors, 1 left on base; California State University at Fullerton 1 - University of Nebraska 1 |
BOTTOM OF THE 9TH |
University of Nebraska Cornhuskers batting - Pitching for California State University at Fullerton Titans : RHP Matt Lane
|
Now at 2B: Terciero Ortiz
|
|
Now in RF: Alex Larangho
|
|
Batting: RHB Jose Zuniga
|
0-0: Ball 1-0: Foul Ball, location: 2F 1-1: Hit by Pitch
|
Pinch Runner at 1st Duda Pinho:
|
|
Batting: SHB Karl Starnes
|
0-0: Called Strike Duda Pinho steals 2nd base 0-1: Called Strike 0-2: Ball 1-2: Strikes out swinging
|
Pinch Hitting: SHB Jim Lloyd
|
0-0: Intentional Walk
|
Batting: RHB Kekoa Kahele
|
0-0: Ball 1-0: Ball 2-0: Sac Bunt to 23 - play at first, batter OUT! 3-4 Duda Pinho to third Jim Lloyd to second
|
Batting: RHB Simon Van Steenwyk
|
0-0: Intentional Walk
|
Batting: RHB Doug Thornsberry
|
0-0: Ball 1-0: Ball 2-0: Called Strike 2-1: Ball 3-1: Base on Balls Duda Pinho scores Jim Lloyd to third Simon Van Steenwyk to second
|
Bottom of the 9th over - 1 run, 0 hits, 0 errors, 0 left on base; California State University at Fullerton 1 - University of Nebraska 2 |
|
Game Over ... University of Nebraska defeats California State University at Fullerton, 2 to 1
|
|
|